AoeStats
← Franz Rupersky

Black Forest

509741503Analyzed
3v3 RM · 5d ago on Sep 27, 2026· 62m 11s· 6 players
Game mode
Random Map
Map size
Normal (6 player)
Population
200
Speed
Normal
Resources
Standard
Victory
Conquest
Starting age
Dark Age
Ending age
Imperial Age
RankedLock teamsTeams togetherTeam positionsShared explorationLock speedFull tech treeHidden civsTurbo modeCheats
Victory
Defeat
🇲🇽 Khmer · Mexico
831
+16
🇲🇽 Teutons · Mexico
809
+17
🇲🇽 Celts · Mexico
774
+18
🇨🇴 Bohemians · Colombia
944
-21
🇨🇴 Vietnamese · Colombia
776
-15
🇨🇴 Persians · Colombia
774
-15
LuisBarreiroR
0:27 Loom
31:48 Feudal Age
31:55 Man-at-Arms
32:21 Arson
39:21 Double-Bit Axe
39:22 Horse Collar
42:22 Castle Age
45:26 Husbandry
47:07 Heavy Plow
47:21 Bow Saw
52:51 Caravan
54:32 Wheelbarrow
54:24 Stronghold
54:55 Heated Shot
55:26 Ballistics
58:08 Scale Barding Armor
58:14 Forging
58:04 Scale Mail Armor
62:09 Imperial Age
60:51 Coinage
61:36 Pikeman
Jacob Soap
0:45 Loom
11:37 Feudal Age
16:01 Castle Age
14:06 Double-Bit Axe
14:53 Horse Collar
19:22 Wheelbarrow
20:13 Gold Mining
23:39 Hand Cart
27:50 Gold Shaft Mining
31:03 Bow Saw
30:54 Heavy Plow
35:25 Imperial Age
34:03 Light Cavalry
37:22 Chemistry
36:24 Double Crossbow
36:52 Heavy Scorpion
37:12 Capped Ram
38:46 Crop Rotation
41:03 Hussar
47:53 Caravan
57:03 Scale Barding Armor
57:13 Forging
61:25 Chain Barding Armor
61:45 Iron Casting
MuffledViolento
0:26 Loom
15:03 Feudal Age
17:30 Double-Bit Axe
19:50 Castle Age
22:08 Bow Saw
21:51 Gold Mining
22:53 Scale Barding Armor
30:18 Ballistics
33:50 Stone Mining
36:52 Imperial Age
36:11 Wheelbarrow
36:44 Forging
36:34 Scale Mail Armor
37:42 Bloodlines
38:54 Chemistry
38:16 Hand Cart
37:51 Horse Collar
37:59 Arrowslits
37:37 Heavy Scorpion
37:45 Pikeman
39:12 Caravan
40:18 Two-Man Saw
38:45 Halberdier
40:05 Iron Casting
39:45 Chain Mail Armor
41:14 Chain Barding Armor
41:55 Blast Furnace
48:19 Plate Mail Armor
OMAR101226
2:51 Loom
14:36 Feudal Age
15:13 Double-Bit Axe
15:11 Horse Collar
15:15 Fishing Lines
15:49 Man-at-Arms
19:52 Arson
23:08 Castle Age
24:08 Bow Saw
24:17 Heavy Plow
24:11 Gillnets
23:53 Pikeman
27:24 Squires
29:57 Chemistry
34:23 Imperial Age
32:35 Wheelbarrow
31:45 Town Watch
32:42 Ballistics
33:56 Hand Cart
35:11 Halberdier
38:18 Two-Man Saw
39:12 Forging
39:02 Scale Mail Armor
39:07 Scale Barding Armor
38:53 Fletching
39:03 Padded Archer Armor
38:36 Houfnice
41:14 Iron Casting
40:54 Chain Mail Armor
44:37 Light Cavalry
45:17 Husbandry
Franz Rupersky
9:21 Loom
11:23 Feudal Age
14:33 Double-Bit Axe
17:34 Horse Collar
19:06 Fletching
20:16 Wheelbarrow
21:38 Wheelbarrow
25:50 Castle Age
25:44 Padded Archer Armor
26:23 Crossbowman
27:13 Thumb Ring
27:04 Bodkin Arrow
28:39 Leather Archer Armor
28:34 Gold Mining
30:04 Ballistics
33:15 Treadmill Crane
33:44 Heavy Plow
34:23 Herbal Medicine
36:35 Stone Mining
37:00 Scale Barding Armor
37:06 Forging
37:09 Bow Saw
37:18 Masonry
39:54 Imperial Age
40:39 Stone Shaft Mining
39:56 Arbalester
43:06 Husbandry
43:16 Bloodlines
43:49 Hoardings
44:54 Bracer
45:30 Iron Casting
45:15 Chain Barding Armor
45:29 Paper Money
45:18 Cavalier
49:46 Plate Barding Armor
52:23 Ring Archer Armor
TioMakario
8:54 Loom
13:21 Feudal Age
18:07 Bloodlines
29:49 Castle Age
28:25 Wheelbarrow
28:23 Double-Bit Axe
28:31 Gold Mining
29:49 Stone Mining
29:50 Horse Collar
30:21 Husbandry
31:05 Light Cavalry
37:11 Heavy Plow
37:50 Parthian Tactics
38:59 Kamandaran
39:35 Ballistics
40:55 Murder Holes
41:11 Masonry
42:30 Thumb Ring
42:23 Fletching
42:41 Scale Barding Armor
42:37 Scale Mail Armor
48:08 Imperial Age
45:54 Hand Cart
47:49 Cavalier
48:46 Hussar
51:43 Chemistry
51:20 Heavy Cavalry Archer
52:59 Town Watch
60:21 Savar
Connection lost

Rejoining the realm…

Still unreachable

The connection could not be restored.

Session expired

The server has moved on; the page needs a fresh start.